AoeStats
← MrIonV

Arabia

509909209Analyzed
1v1 RM · 3d ago on Sep 28, 2026· 29m 43s· 2 players
Game mode
Random Map
Map size
Tiny (2 player)
Population
200
Speed
Normal
Resources
Standard
Victory
Conquest
Starting age
Dark Age
Ending age
Imperial Age
RankedLock teamsTeams togetherTeam positionsShared explorationLock speedFull tech treeHidden civsTurbo modeCheats
Victory
Defeat
🇬🇧 Poles · United Kingdom
921
+17
🇫🇷 Saracens · France
939
-17
MrIonV
8:19 Loom
10:46 Feudal Age
16:23 Castle Age
14:44 Double-Bit Axe
14:42 Horse Collar
18:33 Wheelbarrow
24:31 Arson
Jeanhunlik
7:18 Loom
9:59 Feudal Age
11:54 Double-Bit Axe
17:57 Castle Age
16:11 Horse Collar
18:32 Forging
20:52 Bloodlines
20:44 Husbandry
20:31 Pikeman
21:40 Squires
21:45 Scale Mail Armor
27:44 Fletching
28:24 Crossbowman
Connection lost

Rejoining the realm…

Still unreachable

The connection could not be restored.

Session expired

The server has moved on; the page needs a fresh start.